 Dungeon Crawl Stone Soup version 0.31-a0-466-g98c9adc2b6 (webtiles) character file.

Game seed: 10836156256362323138

2 HallandMoats the Trooper (level 1, 0/18 HPs)
             Began as a Demonspawn Monk on Aug 6, 2023.
             Slain by a kobold
             ... wielding a +2 dagger of electrocution
              (11 damage)
             ... on level 1 of the Dungeon.
             The game lasted 00:00:14 (57 turns).

HallandMoats the Trooper (Demonspawn Monk)            Turns: 57, Time: 00:00:15

Health: 0/18       AC:  2    Str: 11    XL:     1   Next: 25%
Magic:  1/1        EV: 12    Int: 11    God:
Gold:   0          SH:  0    Dex: 15    Spells: 0/0 levels left

rFire   . . .        a - +0 hand axe
rCold   . . .        d - orb {light}
rNeg    . . .        b - +0 robe
rPois   .            (no helmet)
rElec   .            (no cloak)
rCorr   .            (no gloves)
SInv    .            (no boots)
Will    .....        (no amulet)
Stlth   +            (no ring)
HPRegen 0.23/turn    (no ring)
MPRegen 0.07/turn

%: no passive effects
@: glowing
A: no striking features
a: no special abilities


You were on level 1 of the Dungeon.
You visited 1 branch of the dungeon, and saw 1 of its levels.

Inventory:

Hand Weapons
 a - a +0 hand axe (weapon)
Armour
 b - a +0 robe (worn)
 d - an orb of light (worn)
Scrolls
 f - a scroll of teleportation {unknown}
Potions
 c - a potion of ambrosia
 e - a potion of mutation {unknown}
 g - a potion of heal wounds {unknown}


   Skills:
 * Level 3.0 Fighting
 + Level 2.7 Axes
 - Level 2.6 Dodging
 + Level 0.2 Invocations


You couldn't memorise any spells.
You didn't know any spells.
Your spell library was empty.

Dungeon Overview and Level Annotations

Branches:
Dungeon (1/15)

Altars:


Message History

A rat is nearby!
An endoplasm comes into view.
The endoplasm quivers.
The endoplasm hits you.
You hit the endoplasm but do no damage. The endoplasm hits you.
You hit the endoplasm.
The endoplasm is heavily wounded.
You hit the rat.
You kill the rat!
The endoplasm barely misses you.
You slash the endoplasm!
You kill the endoplasm!
e - a black potion HP restored.
f - a scroll labelled ANWYHA AREX
g - a purple potion A bat and a kobold come into view.
The kobold is wielding a +2 dagger of electrocution.
The kobold shouts!
The bat hits you.
There are monsters nearby!
The bat barely misses you.
The kobold hits you with a +2 dagger of electrocution.
The bat hits you but does no damage.
You hit the kobold.
The kobold is heavily wounded.
You hit the bat. The bat misses you. The bat barely misses you.
The kobold hits you with a +2 dagger of electrocution.
You closely miss the kobold.
The kobold is heavily wounded.
The bat hits you but does no damage. The kobold barely misses you.
You hit the kobold.
The kobold is severely wounded.
The bat misses you. The kobold barely misses you.
You closely miss the kobold.
The kobold is severely wounded.
The kobold hits you with a +2 dagger of electrocution.
You are electrocuted!
Ouch! That really hurt!
You die...

...#....# #..#....##
.#.......#
..#......############
...#####..##........#
......#...##........#
<....#..#.##........#
.....#....##........#
......#......###@####
...#####...### #Kb#
..#........# ##.#
.#.........# .#
#..........# .#
..........## ..
##......... ..
......... ... ...


You could see a bat and a kobold.

Vanquished Creatures
  An endoplasm (D:1)
  A rat (D:1)
2 creatures vanquished.

Notes
Turn   | Place    | Note
-------+----------+-------------------------------------------
     0 | D:1      | HallandMoats the Demonspawn Monk began the quest for the
                  | Orb.
     0 | D:1      | Reached XP level 1. HP: 18/18 MP: 1/1
    57 | D:1      | Slain by a kobold

Illustrated notes

Levels and vault maps discovered:
D:1:      scummos_arrival_star, layout_rooms,
          hellmonk_ecumenical_altar_leap_of_faith

Action                     || total
---------------------------++-------
  Melee: Hand axe          ||     7
 Armour: Robe              ||     2
  Dodge: Dodged            ||     7

Table legend: (Time is in decaauts)
 A = Elapsed time spent in this place.
 B = Non-inter-level travel time spent in this place.
 C = Inter-level travel time spent in this place.
 D = Time resting spent in this place.
 E = Time spent auto-exploring this place.
 F = Levels seen in this place.
 G = Mean time per level.
                   A        B        C        D        E       F      G
               +--------+--------+--------+--------+--------+-----+--------+
         Total |     57 |     57 |      0 |      0 |     34 |   1 |   57.0 |
       Dungeon |     57 |     57 |      0 |      0 |     34 |   1 |   57.0 |
               +--------+--------+--------+--------+--------+-----+--------+

Top non-repeatable levels by time:
     D:1: 57 daAuts
